 Dungeon Crawl Stone Soup version 0.32-a0-30-gefbe487952 (webtiles) character file.

Game seed: 5695581210549906182

36 Malachi the Digger (level 3, -6/26 HPs)
             Began as a Demigod Earth Elementalist on Jan 19, 2024.
             Mangled by a gnoll
             ... wielding a +0 flail
              (11 damage)
             ... on level 3 of the Dungeon.
             The game lasted 00:01:18 (832 turns).

Malachi the Digger (Demigod Earth Elementalist)      Turns: 832, Time: 00:01:18

Health: -6/26      AC:  2    Str:  9    XL:     3   Next: 5%
Magic:  2/8        EV: 12    Int: 21    God:
Gold:   71         SH:  0    Dex: 14    Spells: 5/6 levels left

rFire   . . .        d - +2 short sword (vamp)
rCold   . . .        (no shield)
rNeg    . . .        a - +0 robe
rPois   .            (no helmet)
rElec   .            (no cloak)
rCorr   .            (no gloves)
SInv    .            (no boots)
Will    .....        (no amulet)
Stlth   ++           (no ring)
HPRegen 0.24/turn    (no ring)
MPRegen 0.11/turn

%: no passive effects
@: no status effects
A: high MP 1, forlorn, divine attributes
a: no special abilities


You were on level 3 of the Dungeon.
You visited 1 branch of the dungeon, and saw 3 of its levels.

You collected 71 gold pieces.

Inventory:

Hand Weapons
 d - a +2 vampiric short sword (weapon)
Armour
 a - a +0 robe (worn)
Jewellery
 i - a ring of fire
Scrolls
 f - 2 scrolls of identify {unknown}
 g - a scroll of summoning {unknown}
 h - 2 scrolls of teleportation {unknown}
 j - a scroll of torment {unknown}
 l - a scroll of revelation {unknown}
Potions
 b - a potion of magic
 c - a potion of curing {unknown}
 e - a potion of heal wounds {unknown}
 k - a potion of might {unknown}


   Skills:
 - Level 2.0 Dodging
 - Level 2.0 Stealth
 + Level 2.2 Spellcasting
 + Level 1.5 Conjurations
 + Level 3.0 Earth Magic


You had 5 spell levels left.
You knew the following spells:

 Your Spells              Type           Power      Damage    Failure   Level
a - Sandblast             Erth           30%        2d9       4%          1

Your spell library contained the following spells:

 Spells                   Type           Power      Damage    Failure   Level
 Passwall                 Erth           15%        N/A       12%         3
 Apportation              Tloc           4%         N/A       14%         1
 Summon Small Mammal      Summ           8%         N/A       14%         1
 Stone Arrow              Conj/Erth      24%        3d8       17%         3
 Jinxbite                 Hex            4%         N/A       22%         2
 Call Canine Familiar     Summ           2%         N/A       41%         3
 Brom's Barrelling Bould  Conj/Erth      12%        2d4       50%         4
 Petrify                  Alch/Erth      8%         N/A       58%         4
 Summon Blazeheart Golem  Fire/Summ      2%         N/A       82%         4
 Alistair's Intoxication  Alch           1%         N/A       99%         5


Dungeon Overview and Level Annotations

Branches:
Dungeon (2/15)


Innate Abilities, Weirdness & Mutations

You have an increased reservoir of magic. (+10% MP)
You shall have no god before yourself.
Your divine heritage dramatically boosts your attributes as you level up.


Message History

The blast of sand hits the gnoll.
The gnoll is lightly wounded.
A gnoll comes into view. It is wielding a +0 whip.
Aiming: Sandblast (safe; 5% risk of failure)
Press: ? - help, Q - select action Shift-Dir - straight line, f/p - gnoll
Aim: a gnoll, wielding a +0 halberd (lightly wounded, 84% to hit)
The blast of sand hits the gnoll.
The gnoll is moderately wounded.
The gnoll hits you from afar with a +0 halberd!
Ouch! That really hurt!
* * * LOW HITPOINT WARNING * * *
Aiming: Sandblast (safe; 5% risk of failure)
Press: ? - help, Q - select action Shift-Dir - straight line, f/p - gnoll
Aim: a gnoll, wielding a +0 halberd (moderately wounded, 84% to hit)
The blast of sand hits the gnoll!
The gnoll is almost dead.
The gnoll closely misses you.
Aiming: Sandblast (safe; 5% risk of failure)
Press: ? - help, Q - select action Shift-Dir - straight line, f/p - gnoll
Aim: a gnoll, wielding a +0 halberd (almost dead, 84% to hit)
The blast of sand hits the gnoll.
You kill the gnoll!
You have reached level 3!
Your experience leads to a dramatic increase in your attributes!
Increase (S)trength, (I)ntelligence, or (D)exterity?
You feel clever. x4
Aiming: Sandblast (safe; 4% risk of failure)
Press: ? - help, Q - select action Shift-Dir - straight line, f - gnoll
Aim: a gnoll, wielding a +0 flail (84% to hit)
The blast of sand hits the gnoll but does no damage.
The gnoll barely misses you.
Unknown command.
Aiming: Sandblast (safe; 4% risk of failure)
Press: ? - help, Q - select action Shift-Dir - straight line, f/p - gnoll
Aim: a gnoll, wielding a +0 flail (84% to hit)
The blast of sand hits the gnoll but does no damage.
The gnoll hits you with a +0 flail.
* * * LOW HITPOINT WARNING * * *
The gnoll hits you with a +0 flail!
You die...

.##.##.##.#####.o
.......##)# #..##.#
###.##.##.# #..#..
#.......# #..#.# #
###...### ..#.###.#
##.....## ........#
#.......## ##.......
##.........####..g.#####
.+.........'....@g).....
##.........####....#####
##.......###.......#
##.....## #.<.$...#
##...## #.......# ##+#
###...### #...# ##.##
#.#


You could see 2 gnolls.

Vanquished Creatures
  A gnoll (D:3)
  A dart slug (D:2)
  2 endoplasms (D:1)
  2 hobgoblins (D:1)
  2 jackals (D:1)
  3 kobolds (D:1)
  A quokka (D:1)
  2 ball pythons (D:1)
  3 bats (D:1)
  3 frilled lizards (D:1)
  3 goblins
  2 rats (D:1)
25 creatures vanquished.

Notes
Turn   | Place    | Note
-------+----------+-------------------------------------------
     0 | D:1      | Malachi the Demigod Earth Elementalist began the quest for
                  | the Orb.
     0 | D:1      | Reached XP level 1. HP: 14/14 MP: 5/5
    68 | D:1      | Reached skill level 1 in Conjurations
   250 | D:1      | Reached XP level 2. HP: 20/20 MP: 7/7
   749 | D:2      | Reached skill level 3 in Earth Magic
   769 | D:2      | You fall into a shaft and drop 1 floor!
   831 | D:3      | Reached XP level 3. HP: 9/26 MP: 3/8
   832 | D:3      | Mangled by a gnoll

Illustrated notes

Levels and vault maps discovered:
D:1:      dpeg_arrival_rhombi, layout_loops_ring
D:2:      layout_loops_ring, serial_shops, nicolae_shop_real_fake_doors,
          serial_glass, glass_columns_a, glass_columns_c, glass_columns_c,
          glass_columns_b, dk_noncrumbling_4, kennysheep_generic_room_12
D:3:      layout_loops_corners, nicolae_overflow_macrodata_refinement,
          hellmonk_ecumenical_altar_run_dry, portal_sewer_entry_b

Skill      XL: |  1  2 |
---------------+-------+-----
Conjurations   | 1 |  1.5
Stealth        | 2 |  2.0
Dodging        | 2 |  2.0
Spellcasting   | 2 |  2.2
Earth Magic    | 3 |  3.0

Action                     || total
---------------------------++-------
  Melee: Short sword       ||    60
         Punch             ||     1
   Cast: Sandblast         ||    10
   Stab: Sleeping          ||     2
 Armour: Robe              ||    31
  Dodge: Dodged            ||    43

Table legend: (Time is in decaauts)
 A = Elapsed time spent in this place.
 B = Non-inter-level travel time spent in this place.
 C = Inter-level travel time spent in this place.
 D = Time resting spent in this place.
 E = Time spent auto-exploring this place.
 F = Levels seen in this place.
 G = Mean time per level.
                   A        B        C        D        E       F      G
               +--------+--------+--------+--------+--------+-----+--------+
         Total |    835 |    816 |     19 |      0 |    631 |   3 |  278.3 |
       Dungeon |    835 |    816 |     19 |      0 |    631 |   3 |  278.3 |
               +--------+--------+--------+--------+--------+-----+--------+

Top non-repeatable levels by time:
     D:1: 733 daAuts
     D:3: 65 daAuts
     D:2: 36 daAuts
